AoeStats
← TIMVP

Black Forest

508690529Analyzed
2v2 RM · 8d ago on Sep 23, 2026· 51m 14s· 4 players
Game mode
Random Map
Map size
Medium (4 player)
Population
200
Speed
Normal
Resources
Standard
Victory
Conquest
Starting age
Dark Age
Ending age
Imperial Age
RankedLock teamsTeams togetherTeam positionsShared explorationLock speedFull tech treeHidden civsTurbo modeCheats
Victory
Defeat
🇩🇪 Ethiopians · Germany
712
+18
🇹🇷 Bengalis · Türkiye
703
+18
🇵🇪 Romans · Peru
760
-18
🇵🇪 Celts · Peru
750
-18
Kehrbert
0:33 Loom
12:49 Feudal Age
13:44 Double-Bit Axe
16:10 Horse Collar
16:23 Stone Mining
16:23 Gold Mining
20:56 Castle Age
19:37 Fletching
21:13 Padded Archer Armor
22:07 Crossbowman
22:45 Town Watch
23:42 Gold Shaft Mining
23:34 Bow Saw
24:08 Heavy Plow
25:54 Bodkin Arrow
26:14 Leather Archer Armor
27:19 Leather Archer Armor
28:42 Murder Holes
31:49 Squires
31:34 Arson
32:49 Ballistics
33:52 Wheelbarrow
33:18 Town Patrol
38:06 Imperial Age
37:43 Thumb Ring
37:59 Hand Cart
39:27 Conscription
40:37 Two-Man Saw
39:27 Arbalester
41:00 Bracer
41:30 Ring Archer Armor
41:09 Siege Engineers
42:05 Chemistry
42:46 Royal Heirs
43:23 Masonry
45:57 Forging
45:47 Scale Mail Armor
47:07 Elite Shotel Warrior
51:13 Iron Casting
50:53 Chain Mail Armor
JovianH
12:10 Loom
15:10 Feudal Age
16:25 Loom
17:16 Wheelbarrow
16:42 Horse Collar
16:52 Double-Bit Axe
19:46 Gold Mining
19:47 Stone Mining
20:01 Man-at-Arms
26:10 Scale Mail Armor
26:13 Padded Archer Armor
26:19 Scale Barding Armor
29:53 Castle Age
30:34 Heavy Plow
30:48 Bow Saw
31:17 Gold Shaft Mining
31:26 Hand Cart
32:23 Caravan
33:02 Town Watch
39:28 Imperial Age
38:10 Town Patrol
41:24 Chain Mail Armor
41:24 Leather Archer Armor
41:29 Chain Barding Armor
41:00 Fletching
41:20 Forging
41:42 Coinage
41:17 Long Swordsman
41:42 Gambesons
42:54 Elite Ratha (Ranged)
44:36 Two-Handed Swordsman
A†ilA
0:28 Loom
12:49 Feudal Age
14:05 Wheelbarrow
17:07 Double-Bit Axe
19:24 Horse Collar
23:47 Castle Age
23:12 Forging
23:03 Scale Mail Armor
24:56 Hand Cart
25:00 Bow Saw
24:57 Heavy Plow
31:17 Gold Mining
35:07 Imperial Age
32:56 Stronghold
38:12 Conscription
40:14 Iron Casting
39:54 Chain Mail Armor
TIMVP
0:29 Loom
14:16 Feudal Age
14:45 Double-Bit Axe
15:38 Wheelbarrow
16:59 Stone Mining
24:56 Castle Age
23:07 Horse Collar
23:50 Scale Mail Armor
23:28 Man-at-Arms
26:35 Gold Mining
26:36 Long Swordsman
27:22 Heavy Plow
34:22 Imperial Age
34:04 Hand Cart
Connection lost

Rejoining the realm…

Still unreachable

The connection could not be restored.

Session expired

The server has moved on; the page needs a fresh start.